Map: Acropolis LE

Players

StraToN

  • Race: Zerg Zerg
  • League: Platinum
  • Spawn Location: 11:00

PeLLy - Winner!

  • Race: Zerg Zerg
  • League: Diamond
  • Spawn Location: 5:00

VOD

Have the link to the VOD?

Description

Time

  • Played on: July 31, 2019, 4:54 p.m.
  • Length: 13:22
Show
View Real Time Build Order
Export as new Build Order

StraToN Zerg 

Build Orders: Hatch First 

Get SALT Encoding   

  12  0:01  Drone  
  13  0:08  Drone  
  14  0:16  Overlord  
  14  0:42  Hatchery  
  13  0:45  Drone  
  14  0:51  Drone, Extractor  
  14  0:56  Drone  
  15  1:01  Drone  
  16  1:07  Drone  
  17  1:20  Spawning Pool  
  17  1:24  Drone  
  17  1:29  Drone  
  18  1:39  Drone  
  19  1:49  Drone  
  20  2:05  Drone x2  
  20  2:07  Metabolic Boost  
  22  2:10  Queen  
  22  2:13  Queen  
  26  2:20  Zergling x4  
  28  2:23  Overlord  
  28  2:43  Zergling x8  
  32  2:51  Drone x2  
  34  2:58  Drone x2  
  36  3:09  Overlord x2  
  36  3:27  Drone x7  
  42  3:54  Drone x3  
  42  3:55  Drone x7  
  52  3:59  Extractor  
  51  4:13  Queen  
  51  4:14  Evolution Chamber, Hatchery  
  51  4:15  Lair  
  51  4:16  Roach Warren, Evolution Chamber  
  49  4:17  Extractor  
  49  4:18  Drone x4  
  52  4:46  Extractor  
  52  4:50  Zergling x2  
  52  5:07  Overlord x3  
  48  5:31  Roach  
  48  5:32  Roach x8  
  60  5:38  Roach  
  62  5:44  Zerg Missile Weapons Level 1  
  62  5:46  Roach x3  
  64  6:10  Roach x5  
  74  6:11  Queen  
  74  6:16  Zerg Ground Armor Level 1  
  76  6:22  Spine Crawler  
  76  6:23  Queen  
  76  6:24  Glial Reconstitution  
  77  6:26  Roach x2  
  81  6:33  Drone  
  81  6:39  Overlord  
  82  6:49  Overlord x3  
  82  6:56  Queen x2  
  82  6:59  Queen  
  88  7:09  Drone x7  
  88  7:10  Drone  
  88  7:11  Hydralisk Den  
  95  7:18  Drone x2  
  97  7:27  Roach x3  
  103  7:39  Overlord  
  103  7:42  Grooved Spines  
  103  7:44  Overlord x2  
  103  7:46  Hydralisk  
  103  7:47  Hydralisk x4  
  113  7:53  Zerg Missile Weapons Level 2  
  113  8:06  Hatchery  
  113  8:09  Hydralisk x3  
  113  8:11  Overlord  
  118  8:20  Hydralisk  
  118  8:21  Hydralisk x2  
  118  8:26  Ravager x3  
  118  8:27  Ravager x3  
  130  8:35  Overlord  
  130  8:36  Overlord  
  130  8:39  Hydralisk  
  130  8:40  Hydralisk  
  134  8:46  Roach x2  
  138  8:53  Hydralisk  
  140  8:55  Hydralisk  
  140  8:56  Hydralisk  
  144  9:09  Hydralisk x4  
  152  9:23  Infestation Pit, Drone x5  
  157  9:24  Drone  
  155  9:53  Overseer x2  
  155  9:58  Pneumatized Carapace  
  155  10:07  Extractor  
  155  10:08  Drone x6  
  155  10:09  Extractor  
  155  10:10  Overlord x4  
  155  10:11  Overlord x2  
  155  10:12  Zerg Ground Armor Level 2  
  159  10:28  Zergling x18  
  160  10:29  Zergling x4  
  170  10:52  Hydralisk  
  170  10:53  Hydralisk x9  
  190  11:06  Lurker Den  
  176  11:35  Hydralisk x8  
  192  11:52  Roach  
  192  11:53  Roach x3  
  117  12:41  Roach x15  
  117  12:42  Roach x2  
  148  12:51  Roach  
Show
View Real Time Build Order
Export as new Build Order

PeLLy Zerg - Winner!

Build Orders: Hatch First 

Get SALT Encoding   

  12  0:01  Drone  
  13  0:17  Overlord  
  13  0:22  Drone  
  14  0:35  Drone x2  
  16  0:43  Drone  
  17  0:55  Drone  
  17  0:56  Hatchery  
  17  1:00  Drone  
  18  1:10  Extractor  
  17  1:16  Spawning Pool  
  16  1:19  Drone  
  16  1:23  Drone  
  18  1:34  Drone  
  19  1:54  Overlord  
  19  2:10  Queen x2  
  23  2:16  Drone x4  
  23  2:19  Drone  
  28  2:31  Drone x2  
  30  2:37  Metabolic Boost  
  30  2:40  Overlord  
  30  2:58  Drone x3  
  33  2:59  Queen  
  33  3:03  Zergling x4  
  37  3:10  Evolution Chamber  
  36  3:13  Evolution Chamber  
  36  3:16  Roach Warren  
  34  3:20  Spine Crawler  
  34  3:21  Zergling x6, Baneling Nest  
  35  3:49  Lair  
  35  4:06  Roach  
  35  4:07  Roach x3  
  43  4:10  Baneling x2  
  43  4:12  Overlord x2  
  43  4:15  Drone  
  43  4:37  Drone x3  
  43  4:38  Drone x6  
  51  5:02  Baneling x5  
  51  5:05  Roach  
  50  5:33  Roach x2  
  50  5:34  Roach  
  55  5:38  Drone x2  
  55  5:40  Extractor  
  55  5:42  Extractor  
  51  6:04  Overlord x2  
  49  6:05  Overlord  
  49  6:06  Overlord x3  
  49  6:10  Glial Reconstitution  
  49  6:13  Hatchery  
  48  6:21  Drone x2  
  48  6:22  Drone x4  
  54  6:28  Ravager  
  55  6:34  Ravager  
  56  6:46  Ravager  
  57  7:06  Roach x5  
  57  7:07  Roach x2  
  71  7:14  Extractor  
  70  7:31  Roach x3  
  70  7:32  Roach x5  
  70  7:36  Zergling x4  
  88  7:45  Roach x3  
  95  7:51  Drone x2  
  95  7:54  Drone  
  95  7:55  Drone x2  
  99  8:02  Ravager  
  99  8:03  Ravager  
  99  8:04  Ravager  
  102  8:09  Roach x2  
  106  8:13  Overlord  
  106  8:14  Overlord x2  
  106  8:15  Zergling x8  
  106  8:17  Drone  
  111  8:30  Hatchery  
  110  8:40  Zerg Missile Weapons Level 1  
  110  8:41  Zerg Melee Weapons Level 1  
  110  8:42  Centrifical Hooks  
  110  8:47  Extractor  
  109  8:48  Roach  
  109  8:49  Roach x2, Extractor  
  107  9:10  Ravager  
  107  9:11  Ravager  
  107  9:14  Roach  
  107  9:15  Roach x5  
  121  9:23  Drone x9  
  119  9:48  Roach  
  119  9:49  Roach x11  
  119  9:51  Overlord x4  
  143  9:54  Drone  
  143  9:57  Overlord x2  
  143  9:58  Overlord  
  144  10:09  Queen  
  144  10:12  Roach x9  
  164  10:32  Roach  
  164  10:33  Roach x8  
  182  10:37  Infestation Pit  
  181  10:45  Zerg Missile Weapons Level 2  
  181  10:46  Zerg Melee Weapons Level 2  
  181  10:48  Nydus Network  
  181  10:49  Drone x6  
  190  10:50  Drone x6  
  172  11:37  Zergling x24  
  184  11:40  Overlord x3  
  184  11:47  Spine Crawler  
  183  11:55  Extractor  
  183  11:56  Extractor  
  183  11:57  Baneling x3  
  183  11:58  Baneling x26  
  181  12:14  Spire  
  174  12:35  Roach x4  
  174  12:36  Roach x8  
  185  12:58  Roach x7  
Tags
 
Add a new tag
Caveats
  • Supply blocks, unpowered buildings, or Contaminate may cause inaccurate times.
  • Supply counts are checked every 10 seconds.